cohdb
Replays
Latest Replays
All Replays
Popular Replays
Top Player Replays
Match Explorer
How It Works
Community
CoH3 Stats
Reddit
Sign in to upload your games and track your stats! →
Sign in with Steam
Match 39465804
Unlisted
Match 39465804
Overview
Messages
Build Orders
End
Pioneer Squad
Construct Infanterie Kompanie
Selects Terror Battlegroup
Grenadier Squad
MG 42 Machine Gun Team
GrW 34 Mortar Team
Grenadier Squad
Construct Luftwaffe Kompanie
221 Scout Car
Jäger Squad
Selects Heavy Gunnery
Luftwaffe Officer Quarters
Medical Bunker
Jäger Squad
Support Elements
Selects Defend the Fatherland
Marder III M Tank Destroyer
Selects Contempt for the Weak
Wirbelwind Flakpanzer
Jäger Squad
Wirbelwind Flakpanzer
Side Skirts
Jäger Squad
Marder III M Tank Destroyer
Selects Propaganda Leaflet Drop
Selects V1 Rocket Strike
Marder III M Tank Destroyer
Propaganda Leaflet Drop
Propaganda Leaflet Drop
Marder III M Tank Destroyer
Sparkle
Mo-J
Wheeler
ORESAMA
NoF^kingXiaoHaoZi
yellow291244
0
0
Comments
sign in to comment!
No comments posted yet!